 Dungeon Crawl Stone Soup version 0.30.0-5-g1a98f26d00 (webtiles) character file.

Game seed: 14116930951584268555

92920 Gabide the Warrior (level 16, 0/192 HPs)
             Began as an Ogre Gladiator on May 11, 2023.
             Was a High Priest of Elyvilon.
             Slain by a harpy simulacrum (7 damage)
             ... in an ice cave.
             The game lasted 00:49:28 (24391 turns).

Gabide the Warrior (Ogre Gladiator)                Turns: 24391, Time: 00:49:29

Health: 0/192      AC:  8    Str: 35    XL:     16   Next: 7%
Magic:  25/28      EV: 14    Int: 11    God:    Elyvilon [*****.]
Gold:   2025       SH:  5    Dex: 13    Spells: 15/15 levels left

rFire   . . .        P - +3 giant club "Skullcrusher" {speed, Str+7}
rCold   + + .        (shield currently unavailable)
rNeg    + . .        D - +2 robe {rC+ rF+}
rPois   +            c - +2 hat
rElec   .            a - +0 cloak of the Game of Kings {Dex+3}
rCorr   .            (gloves unavailable)
SInv    .            (boots unavailable)
Will    +....        k - amulet of reflection
Stlth   +            x - ring of ice
HPRegen 0.52/turn    O - ring "Asievvo" {Drain rPois rN+ Int+2}
MPRegen 0.21/turn

%: reflection
@: hasted and slowed
A: large, unfitting armour, tough skin 1
a: Renounce Religion, Purification, Heal Other, Heal Self, Divine Vigour


You were in an ice cave.
You worshipped Elyvilon.
Elyvilon was extremely pleased with you.
You visited 3 branches of the dungeon, and saw 21 of its levels.
You also visited: Gauntlet and Ice Cave.

You collected 2025 gold pieces.

Inventory:

Hand Weapons
 I - the +10 rapier "Zanak" {elec, rC+++ Will- Stlth+}
   (You found it on level 11 of the Dungeon)

   rC:        It renders you almost immune to cold.
   Will:      It decreases your willpower.
   Stlth:     It makes you more stealthy.
 P - the +3 giant club "Skullcrusher" (weapon) {speed, Str+7}
   (You found it in a Gauntlet)

   Str:       It affects your strength (+7).
Missiles
 e - 3 throwing nets
 p - 28 javelins (quivered)
 C - 31 boomerangs
 J - 16 silver javelins
 X - 16 large rocks
Armour
 a - the +0 cloak of the Game of Kings (worn) {Dex+3}
   (You found it in a Gauntlet)

   Dex:       It affects your dexterity (+3).
 c - a +2 hat (worn)
 h - the +4 robe of the Sailor {Fly Will+}
   (You found it on level 3 of the Dungeon)

   Fly:       It grants you flight.
   Will:      It increases your willpower.
 D - a +2 robe of resistance (worn)
 Y - +0 acid dragon scales
Jewellery
 k - an amulet of reflection (around neck)
 t - a +5 ring of evasion
 x - a ring of ice (left hand)
 y - a ring of willpower
 N - a +6 ring of dexterity
 O - the ring "Asievvo" (right hand) {Drain rPois rN+ Int+2}
   (You found it in a Gauntlet)

   [ring of positive energy]

   Int:       It affects your intelligence (+2).
   rPois:     It protects you from poison.
   rN:        It protects you from negative energy.
   Drain:     It drains your maximum health when unequipped.
 S - a +4 ring of protection
 Z - a +6 ring of intelligence
Wands
 b - a wand of paralysis (17)
 v - a wand of light (18)
 z - a wand of roots (12)
 B - a wand of polymorph (20)
 Q - a wand of flame (21)
 R - a wand of mindburst (7)
Scrolls
 l - 11 scrolls of teleportation
 q - 2 scrolls of magic mapping
 s - 7 scrolls of fog
 u - 4 scrolls of fear
 A - 3 scrolls of enchant weapon
 E - a scroll of vulnerability
 F - 3 scrolls of blinking
 K - 5 scrolls of identify
 M - 3 scrolls of immolation
 T - 2 scrolls of poison
Potions
 d - 2 potions of magic
 f - 3 potions of might
 g - a potion of invisibility
 i - 2 potions of haste
 j - a potion of berserk rage
 m - a potion of cancellation
 n - 4 potions of ambrosia
 o - 4 potions of mutation
 r - 10 potions of curing
 w - 2 potions of resistance
 G - a potion of flight
 H - 4 potions of heal wounds
 L - 3 potions of brilliance
Miscellaneous
 V - a lightning rod (4/4)
 W - a phial of floods


   Skills:
 * Level 19.6 Fighting
 * Level 14.4 Maces & Flails
 - Level 2.0 Throwing
 + Level 10.6 Dodging
 * Level 16.1 Invocations


You had 15 spell levels left.
You didn't know any spells.
Your spell library contained the following spells:

 Spells                   Type           Power      Damage    Failure   Level
 Apportation              Tloc           0%         N/A       34%         1
 Beastly Appendage        Tmut           0%         N/A       34%         1
 Kiss of Death            Conj/Necr      0%         2d5       34%         1
 Magic Dart               Conj           0%         1d3       34%         1
 Call Imp                 Summ           0%         N/A       47%         2
 Lesser Beckoning         Tloc           0%         N/A       47%         2
 Wereblood                Tmut           0%         N/A       47%         2
 Confusing Touch          Hex            0%         N/A       71%         3
 Gell's Gravitas          Tloc           0%         N/A       71%         3
 Mephitic Cloud           Conj/Pois/Air  0%         N/A       71%         3
 Spider Form              Tmut/Pois      0%         N/A       71%         3
 Stone Arrow              Conj/Erth      0%         3d7       71%         3
 Teleport Other           Tloc           0%         N/A       71%         3
 Anguish                  Hex/Necr       0%         N/A       98%         4
 Animate Armour           Summ/Erth      0%         N/A       98%         4
 Cause Fear               Hex            0%         N/A       98%         4
 Dispel Undead            Necr           0%         3d6       98%         4
 Leda's Liquefaction      Hex/Erth       0%         N/A       98%         4
 Alistair's Intoxication  Tmut/Pois      0%         N/A       100%        5
 Lee's Rapid Deconstruct  Erth           0%         3d4*      100%        5
 Statue Form              Tmut/Erth      0%         N/A       100%        6
 Enfeeble                 Hex            0%         N/A       100%        7
 Lehudib's Crystal Spear  Conj/Erth      0%         10d2      100%        8
 Chain Lightning          Conj/Air       0%         N/A       100%        9
 Fire Storm               Conj/Fire      0%         5d1       100%        9
 Shatter                  Erth           0%         3d5*      100%        9


Dungeon Overview and Level Annotations

Branches:
Dungeon (15/15)            Temple (1/1) D:4            Lair (5/5) D:11
  Swamp (0/4) Lair:2       Spider (0/4) Lair:3        Slime (0/5) Lair:4
    Orc (0/2) D:11         Vaults (0/5) D:14         Depths (0/4) D:15
  IceCv (1/1)             Gauntlet (visited)

Altars:
Ashenzari
Cheibriados
Dithmenos
Elyvilon
Fedhas
Gozag
Hepliaklqana
Kikubaaqudgha
Makhleb
Nemelex Xobeh
Okawaru
Qazlal
Ru
Sif Muna
Trog
Uskayaw
Vehumet
Wu Jian
Xom
Yredelemnul
Zin
The Shining One
Jiyva

Shops:
D:2 :


Innate Abilities, Weirdness & Mutations

You are too large for most types of armour.
You have tough skin. (AC +1)


Message History

* * * LOW HITPOINT WARNING * * *
The harpy simulacrum claws you but does no damage. x3
The harpy simulacrum claws you!
* * * LOW HITPOINT WARNING * * *
The harpy simulacrum freezes you. You resist.
* * * LOW HITPOINT WARNING * * *
The harpy simulacrum barely misses you.
The harpy simulacrum claws you but does no damage.
The harpy simulacrum closely misses you.
You feel yourself speed up.
The harpy simulacrum closely misses you.
The harpy simulacrum claws you.
* * * LOW HITPOINT WARNING * * *
The harpy simulacrum freezes you. You resist.
* * * LOW HITPOINT WARNING * * *
The harpy simulacrum claws you!
* * * LOW HITPOINT WARNING * * *
The harpy simulacrum freezes you. You resist.
* * * LOW HITPOINT WARNING * * *
The harpy simulacrum barely misses you. The harpy simulacrum claws you.
* * * LOW HITPOINT WARNING * * *
The harpy simulacrum freezes you. You resist.
* * * LOW HITPOINT WARNING * * *
The harpy simulacrum barely misses you. The harpy simulacrum misses you.
The harpy simulacrum claws you but does no damage.
The harpy simulacrum barely misses you. x2
The harpy simulacrum closely misses you.
The harpy simulacrum claws you but does no damage.
The harpy simulacrum closely misses you.
The harpy simulacrum claws you but does no damage.
You are healed.
The harpy simulacrum claws you!
* * * LOW HITPOINT WARNING * * *
The harpy simulacrum freezes you. You resist.
* * * LOW HITPOINT WARNING * * *
The harpy simulacrum claws you.
* * * LOW HITPOINT WARNING * * *
The harpy simulacrum freezes you. You resist.
* * * LOW HITPOINT WARNING * * *
The harpy simulacrum barely misses you. The harpy simulacrum claws you!
You die...

## ..# #### ....
##..###### .....
##....##..## ###Z.....
#..........###ZZZ.....
#.∩.∩.......#@ZZZ.....
#.......##....##......
##....#####..## #.....
##..## #### ..... ####
...# ..# ..#


You could see 2 alligator simulacra, 2 harpy simulacra, a spriggan defender
simulacrum, a minotaur simulacrum and a deep troll simulacrum.

Vanquished Creatures
  Jorgrun (D:12)
  Kirke (D:14)
  A balrug (Gauntlet)
  A minotaur (Gauntlet)
  Fannar (Lair:3)
  The ghost of ripuliukko the Thaumaturge, a journeyman DEEE of Vehumet (D:13)
  A rakshasa (D:14)
  8 hydras
  A catoblepas (Lair:5)
  2 dancing weapons (D:14)
  4 boulder beetles
  5 centaur warriors
  A two-headed ogre (D:13)
  A tengu warrior (D:15)
  Lodul (D:13)
  5 skeletal warriors
  A spriggan simulacrum (IceCv)
  A lindwurm (Lair:5)
  2 orc knights
  A wolf spider (Lair:5)
  8 ugly things
  A faun (shapeshifter) (D:14)
  A will-o-the-wisp (Lair:2)
  3 cyclopes
  4 manticores
  Maurice (D:8)
  6 black mambas
  26 elephants
  14 cane toads
  2 torpor snails
  3 gargoyles
  3 efreet
  9 komodo dragons
  A kobold demonologist (D:9)
  An anaconda simulacrum (IceCv)
  4 rime drakes
  An ice devil (IceCv)
  A freezing wraith (IceCv)
  3 yaktaurs (D:13)
  2 tengu conjurers
  10 polar bears
  4 trolls
  12 blink frogs
  2 hornets
  2 raiju (Lair:5)
  2 dream sheep
  A centaur simulacrum (D:14)
  14 slime creatures
  4 wyverns
  A yak (shapeshifter) (D:14)
  6 wraiths
  64 yaks
  A hog (D:14)
  A neqoxec (Gauntlet)
  A chaos spawn (Gauntlet)
  6 basilisks
  17 vampire mosquitoes
  A harpy simulacrum (IceCv)
  7 wargs
  An acid dragon (D:13)
  17 hell hounds
  16 water moccasins
  A floating eye (shapeshifter) (D:15)
  An alligator simulacrum (IceCv)
  14 orc warriors
  A sky beast (D:8)
  15 black bears
  11 ogres
  13 wolves (Lair:5)
  14 centaurs
  A phantom (D:5)
  A kobold brigand (D:8)
  17 bullfrogs
  A gnoll sergeant (D:11)
  7 scorpions
  A lindwurm simulacrum (IceCv)
  6 killer bees (D:9)
  An electric eel (Lair:2)
  8 howler monkeys
  3 hounds
  A jelly (D:6)
  2 orc priests
  Terence (D:2)
  2 iguanas
  2 orc wizards
  8 adders
  2 shadow imps
  A white imp (D:5)
  An ufetubus (D:6)
  A worm (D:5)
  2 dart slugs
  21 orcs
  2 ball pythons
  3 bats
  7 endoplasms
  5 giant cockroaches
  4 goblins
  7 hobgoblins
  8 jackals
  14 kobolds
  8 quokkas
  A frilled lizard (D:1)
  2 rats
545 creatures vanquished.

Vanquished Creatures (collateral kills)
  Josephine (D:12)
  A vampire mosquito (D:12)
2 creatures vanquished.

Vanquished Creatures (others)
  A centaur warrior (D:11)
  A deep elf pyromancer (D:14)
  A slime creature (D:13)
  2 yaks (D:7)
  5 humans (D:14)
  A harpy simulacrum (D:14)
  A water moccasin (Lair:3)
  3 orc warriors (D:11)
15 creatures vanquished.

Grand Total: 562 creatures vanquished

Notes
Turn   | Place    | Note
-------+----------+-------------------------------------------
     0 | D:1      | Gabide the Ogre Gladiator began the quest for the Orb.
     0 | D:1      | Reached XP level 1. HP: 22/22 MP: 1/1
   132 | D:1      | Reached skill level 3 in Fighting
   188 | D:1      | Reached XP level 2. HP: 28/31 MP: 2/2
   305 | D:1      | Found a faded altar of an unknown god.
   479 | D:1      | Reached XP level 3. HP: 37/37 MP: 3/3
   603 | D:2      | You fall into a shaft and drop 1 floor!
   674 | D:2      | Found Yhadig's Book Shoppe.
   911 | D:2      | Found a broken altar of Ashenzari.
   945 | D:2      | Noticed Terence
   970 | D:2      | Killed Terence
   971 | D:2      | Reached skill level 4 in Fighting
  1265 | D:2      | Reached XP level 4. HP: 47/48 MP: 4/4
  1843 | D:3      | Identified the +4 robe of the Sailor {Fly Will+}
  2252 | D:3      | Found a shimmering blue altar of Sif Muna.
  2261 | D:3      | Found a blossoming altar of Fedhas.
  2538 | D:4      | Noticed a scorpion
  2542 | D:4      | Killed a scorpion
  2543 | D:4      | Reached skill level 5 in Fighting
  2543 | D:4      | Reached XP level 5. HP: 57/57 MP: 5/5
  2668 | D:3      | Reached XP level 6. HP: 66/66 MP: 6/6
  2686 | D:4      | Found a staircase to the Ecumenical Temple.
  2719 | Temple   | Entered the Ecumenical Temple
  2777 | Temple   | Became a worshipper of Elyvilon the Healer
  3162 | D:5      | Entered Level 5 of the Dungeon
  3198 | D:5      | Reached skill level 6 in Fighting
  3198 | D:5      | Reached skill level 1 in Invocations
  3257 | D:5      | Reached * piety under Elyvilon
  3636 | D:5      | Reached XP level 7. HP: 76/76 MP: 8/8
  3671 | D:5      | Reached ** piety under Elyvilon
  3836 | D:5      | Reached skill level 5 in Maces & Flails
  4105 | D:6      | Reached skill level 7 in Fighting
  4130 | D:6      | Reached XP level 8. HP: 87/87 MP: 10/10
  4608 | D:6      | Reached skill level 8 in Fighting
  5037 | D:7      | Reached skill level 5 in Invocations
  5040 | D:7      | Reached XP level 9. HP: 93/97 MP: 9/12
  5120 | D:7      | Found a glowing silver altar of Zin.
  5289 | D:7      | Reached *** piety under Elyvilon
  5360 | D:7      | Reached skill level 9 in Fighting
  5360 | D:7      | Reached skill level 5 in Dodging
  5595 | D:7      | Found a stormy altar of Qazlal.
  6239 | D:8      | Noticed Maurice
  6275 | D:8      | Killed Maurice
  6276 | D:8      | Reached skill level 10 in Fighting
  6876 | D:8      | Reached **** piety under Elyvilon
  7364 | D:9      | Noticed a hornet
  7366 | D:9      | Killed a hornet
  7367 | D:9      | Reached XP level 10. HP: 111/111 MP: 15/15
  7878 | D:9      | Identified the +8 ring mail of Geh Puopt {+Inv rC+ Int-2
                  | Slay+6}
  7905 | D:9      | Reached ***** piety under Elyvilon
  7957 | D:9      | Noticed a kobold demonologist
  7960 | D:9      | Killed a kobold demonologist
  8042 | D:9      | Identified the +7 war axe of Fate {flame, Fragile rElec
                  | Dex+7}
  8125 | D:10     | Entered Level 10 of the Dungeon
  8219 | D:10     | Reached skill level 11 in Fighting
  8894 | D:10     | Reached skill level 12 in Fighting
  8894 | D:10     | Reached XP level 11. HP: 112/123 MP: 17/17
  9533 | D:11     | Found an iron altar of Okawaru.
  9533 | D:11     | Noticed an orc knight
  9534 | D:11     | Noticed a centaur warrior
  9796 | D:11     | Found a staircase to the Lair.
 10107 | D:11     | Identified the +10 rapier "Zanak" {elec, rC+++ Will-
                  | Stlth+}
 10333 | D:11     | Noticed a brown ugly thing
 10338 | D:11     | Pacified a brown ugly thing
 10343 | D:11     | Reached skill level 13 in Fighting
 10492 | D:11     | Found a staircase to the Orcish Mines.
 10552 | D:11     | Reached skill level 10 in Invocations
 10812 | D:11     | Identified the +4 short sword of Infection {flame, rF+ rC+}
 10822 | D:11     | Pacified a centaur warrior
 10837 | D:11     | Killed a centaur warrior
 10839 | D:11     | Noticed a centaur warrior
 11055 | D:11     | Identified the +8 rapier of the Ancients {elec, *Corrode
                  | *Slow rF+++ Dex+8}
 11082 | D:11     | Identified the +0 robe of Grace {Dex+4}
 11088 | D:11     | Noticed a centaur warrior
 11098 | D:11     | Killed a centaur warrior
 11098 | D:11     | Killed a centaur warrior
 11099 | D:11     | Reached skill level 10 in Maces & Flails
 11099 | D:11     | Reached XP level 12. HP: 83/137 MP: 16/19
 11556 | Lair:1   | Entered Level 1 of the Lair of Beasts
 11733 | Lair:1   | Reached skill level 14 in Fighting
 13029 | Lair:2   | Found a blossoming altar of Fedhas.
 13031 | Lair:2   | Reached ****** piety under Elyvilon
 13096 | Lair:2   | Reached skill level 15 in Fighting
 13390 | Lair:2   | Found a staircase to the Swamp.
 13415 | Lair:2   | Reached XP level 13. HP: 160/178 MP: 24/26
 14077 | Lair:3   | Identified the +3 flail "Cezoukhle" {freeze, Fly rF- Dex+4}
 14389 | Lair:3   | Noticed Fannar
 14422 | Lair:3   | Killed Fannar
 14852 | Lair:3   | Reached skill level 16 in Fighting
 15056 | Lair:3   | Found a hole to the Spider Nest.
 15400 | Lair:4   | Found a stormy altar of Qazlal.
 15581 | Lair:4   | Found a gate leading to a gauntlet.
 15588 | Gauntlet | Entered a Gauntlet
 15588 | Gauntlet | Found a transporter.
 15589 | Gauntlet | Found the +3 giant club "Skullcrusher" {speed, Str+7}
 15607 | Gauntlet | Found a transporter.
 15612 | Gauntlet | Found a transporter.
 15614 | Gauntlet | Noticed a balrug
 15617 | Gauntlet | Found a transporter.
 15632 | Gauntlet | Found a transporter.
 15651 | Gauntlet | Found a transporter.
 15663 | Gauntlet | Found a transporter.
 15675 | Gauntlet | Found a transporter.
 15687 | Gauntlet | Found a transporter.
 15690 | Gauntlet | Noticed a great orb of eyes
 15706 | Gauntlet | Found a transporter.
 15725 | Gauntlet | Found a transporter.
 15740 | Gauntlet | Found a transporter.
 15742 | Gauntlet | Found a transporter.
 15744 | Gauntlet | Found a runed translucent gate.
 15744 | Gauntlet | Found a runed translucent gate.
 15744 | Gauntlet | Found a runed translucent gate.
 15747 | Gauntlet | Found a large runed translucent door.
 15747 | Gauntlet | Found a large runed translucent door.
 15747 | Gauntlet | Found a large runed translucent door.
 15747 | Gauntlet | Found a large runed translucent door.
 15750 | Gauntlet | Found a large runed translucent door.
 15750 | Gauntlet | Found a large runed translucent door.
 15751 | Gauntlet | Found a large runed translucent door.
 15751 | Gauntlet | Found a large runed translucent door.
 15754 | Gauntlet | Found a large runed translucent door.
 15754 | Gauntlet | Found a large runed translucent door.
 15754 | Gauntlet | Found a runed translucent door.
 15754 | Gauntlet | Found a runed translucent door.
 15755 | Gauntlet | Found a large runed translucent door.
 15756 | Gauntlet | Found a large runed translucent door.
 15765 | Gauntlet | Found a large runed translucent door.
 15765 | Gauntlet | Found a large runed translucent door.
 15766 | Gauntlet | Found a large runed translucent door.
 15767 | Gauntlet | Found a large runed translucent door.
 15881 | Gauntlet | Found a transporter.
 15881 | Gauntlet | Found a transporter.
 16007 | Gauntlet | Found a transporter.
 16016 | Gauntlet | Found a transporter.
 16019 | Gauntlet | Identified the ring "Asievvo" {Drain rPois rN+ Int+2}
 16030 | Gauntlet | Found a transporter.
 16196 | Gauntlet | Killed a balrug
 16212 | Gauntlet | Identified the +0 cloak of the Game of Kings {Dex+3}
 16240 | Gauntlet | Noticed a minotaur
 16251 | Gauntlet | Killed a minotaur
 16277 | Gauntlet | Identified the staff of earth "Tiubruf" {*Corrode rF+
                  | Will++}
 16463 | Lair:4   | Reached XP level 14. HP: 148/163 MP: 24/24
 16661 | Lair:4   | Found a staircase to the Slime Pits.
 16662 | Lair:4   | Found a viscous altar of Jiyva.
 16850 | Lair:4   | Reached skill level 17 in Fighting
 17335 | Lair:5   | Entered Level 5 of the Lair of Beasts
 18848 | Lair:5   | Reached skill level 18 in Fighting
 19322 | Lair:5   | Reached XP level 15. HP: 122/176 MP: 26/26
 20079 | D:12     | Reached skill level 15 in Invocations
 20390 | D:13     | Noticed Josephine
 20449 | D:12     | Reached skill level 10 in Dodging
 20498 | D:13     | Noticed Jorgrun
 20506 | D:12     | Pacified Josephine
 20522 | D:12     | Killed Jorgrun
 20525 | D:12     | Killed Josephine
 20739 | D:13     | Noticed Lodul
 20761 | D:13     | Killed Lodul
 21376 | D:13     | Found a runed translucent gate.
 21377 | D:13     | Found a runed translucent gate.
 22274 | D:12     | Reached skill level 19 in Fighting
 22818 | D:13     | Found a runed translucent gate.
 22823 | D:13     | Noticed ripuliukko's ghost (journeyman DEEE)
 22918 | D:13     | Killed ripuliukko's ghost
 23004 | D:14     | Found a gate to the Vaults.
 23550 | D:14     | Noticed Kirke
 23562 | D:14     | Killed Kirke
 23624 | D:14     | Reached XP level 16. HP: 77/191 MP: 21/28
 24197 | D:14     | Found an ornate altar of the Wu Jian Council.
 24229 | D:15     | Entered Level 15 of the Dungeon
 24261 | D:15     | Found a frozen archway.
 24280 | IceCv    | Entered an ice cave
 24391 | IceCv    | HP: 7/192 [harpy simulacrum (3)]
 24391 | IceCv    | Slain by a harpy simulacrum

Illustrated notes

Levels and vault maps discovered:
D:1:      lightli_arrival_noodles, layout_basic, basic_ecumenical_altar,
          dreamdust_wishing_well
D:2:      layout_basic, serial_shops, nicolae_shop_behind_doors, basic_altar,
          uniq_terence
D:3:      layout_loops_ring, mainiacjoe_overflow_swirl,
          chequers_serial_rivers_small_b
D:4:      layout_loops_ring, minmay_temple_entry_mini_moons,
          hangedman_glass_teeth
D:5:      layout_gridville
D:6:      layout_loops_cross
D:7:      layout_loops_ring, lemuel_crystal_altar,
          nicolae_qazlal_eye_of_the_storm, minmay_gold_behind_fungi
D:8:      layout_layer_cave, chequers_serial_rivers_micro_c, uniq_maurice
D:9:      layout_loops_corners
D:10:     layout_stronghold
D:11:     evilmike_iron_armoury, layout_loops_ring, due_lair_maze_entry_diamond,
          minmay_orc_entry_guard_dogs, nicolae_figureground_pulse
D:12:     layout_basic
D:13:     layout_stronghold, ebering_ghost_rock_garden, grunt_potential,
          uniq_lodul, uniq_jorgrun, uniq_josephine
D:14:     layout_cave_pools, erik_vaults_1, pdpol_wu_jian_five_deadly_venoms,
          uniq_kirke
D:15:     gammafunk_depths_entry_grave, layout_basic, skrybe_limestone_x,
          portal_ice_cave_entry_pillars_1
Temple:   nicolae_temple_two_arcs
Lair:1:   layout_regular_city, st_stairs_4, chequers_serial_rivers_large_a,
          lemuel_fruit_fields
Lair:2:   layout_roguey, minmay_swamp_entry_wisps, basic_altar,
          gammafunk_lair_bear_cave, grunt_megastairs_2,
          infiniplex_staircase_pool_2
Lair:3:   layout_roguey, nicolae_spider_entry_orb_guardian,
          nzn_sisyphean_effort, lemuel_fruit_fields, infiniplex_staircase_pool,
          uniq_fannar
Lair:4:   layout_roguey, slime_entry_1, gauntlet_entry_generic, basic_altar,
          st_stairs_3, grunt_megastairs_4, serial_bayou_shore_b,
          lemuel_fruit_tree, lemuel_fruit_fields
Lair:5:   hangedman_lair_caniforms_friends, layout_gridlike,
          hangedman_lair_in_review, pdpol_lair_cavern_descent
IceCv:    ice_cave_small_necro

Skill      XL: |  1  2  3  4  5  6  7  8  9 10 11 12 13 14 15 |
---------------+----------------------------------------------+-----
Fighting       | 3 4 5 6 7 8 10 12 13 15 16 18 19 | 19.6
Maces & Flails | 3 4 5 6 7 8 10 11 12 13 14 | 14.4
Dodging        | 3 4 5 6 7 8 9 10 | 10.6
Invocations    | 2 3 5 7 8 10 12 13 14 16 | 16.1
Throwing       | |  2.0

Action                     |  1- 3 |  4- 6 |  7- 9 | 10-12 | 13-15 | 16-18 || total
---------------------------+-------+-------+-------+-------+-------+-------++-------
  Melee: Flail             |    67 |   112 |   192 |    13 |       |       ||   384
         Punch             |       |       |     2 |     4 |     1 |       ||     7
         War axe           |       |       |       |   380 |    69 |       ||   449
         Giant club        |       |       |       |       |   912 |    35 ||   947
         Rapier            |       |       |       |       |    26 |       ||    26
  Throw: Throwing net      |     4 |     1 |       |     2 |     2 |       ||     9
         Large rock        |     2 |     4 |     4 |     2 |     1 |       ||    13
         Boomerang         |       |    67 |       |     1 |       |       ||    68
         Javelin           |       |     5 |    38 |    13 |    24 |       ||    80
 Invoke: Heal Other        |       |       |     5 |     5 |     6 |       ||    16
         Heal Self         |       |       |       |     1 |    12 |     2 ||    15
         Divine Vigour     |       |       |       |     1 |     2 |       ||     3
  Evoke: Wand              |       |       |     4 |    10 |     4 |       ||    18
    Use: Scroll            |       |    19 |     3 |     3 |     8 |     1 ||    34
         Potion            |       |       |       |       |     6 |     1 ||     7
   Stab: Paralysed         |       |       |       |     7 |       |       ||     7
         Invisible         |       |       |       |       |     2 |       ||     2
 Armour: Robe              |    29 |    37 |    42 |    98 |   252 |    20 ||   478
  Dodge: Dodged            |    59 |    94 |   166 |   365 |   727 |    37 ||  1448
  Block: Other             |       |    13 |    43 |   115 |   185 |     9 ||   365
         Reflection        |       |     2 |       |     6 |     3 |       ||    11
